 Dungeon Crawl Stone Soup version 0.21-a0-215-g0631661 (webtiles) character file.

37 namelastname112 the Chopper (level 3, -2/30 HPs)
             Began as a Draconian Gladiator on Aug 22, 2017.
             Slain by Sigmund
             ... wielding a +0 scythe
              (13 damage)
             ... on level 2 of the Dungeon.
             The game lasted 00:01:04 (1143 turns).

namelastname112 the Chopper (Draconian Gladiator)   Turns: 1143, Time: 00:01:05

Health: -2/30      AC:  5    Str: 16    XL:     3   Next: 23%
Magic:  12/12      EV: 13    Int:  8    God:
Gold:   29         SH:  0    Dex: 13    Spells: 2/2 levels left

rFire    . . .     SeeInvis .   a - +0 war axe
rCold    . . .     Gourm    .   (no shield)
rNeg     + . .     Faith    .   (armour unavailable)
rPois    .         Spirit   .   b - +0 hat
rElec    .         Reflect  .   (no cloak)
rCorr    .         Harm     .   (no gloves)
MR       .....                  (no boots)
Stlth    +.........             (no amulet)
HPRegen  0.10/turn              i - ring of magical power
MPRegen  0.13/turn              k - ring of positive energy

@: no status effects
A: unfitting armour, cold-blooded, AC +5
a: no special abilities


You were on level 2 of the Dungeon.
You were hungry.

You visited 1 branch of the dungeon, and saw 2 of its levels.

You collected 29 gold pieces.

Inventory:

Hand Weapons
 a - a +0 war axe (weapon)
Missiles
 c - 3 throwing nets (quivered)
Armour
 b - a +0 hat (worn)
Jewellery
 i - a ring of magical power (left hand)
 k - a ring of positive energy (right hand)
Scrolls
 f - 2 scrolls of identify {unknown}
 g - a scroll of teleportation {unknown}
 h - 3 scrolls of remove curse {unknown}
 j - a scroll of fear {unknown}
Potions
 e - a potion of lignification {unknown}
 l - 2 potions of curing {unknown}
 m - 2 potions of invisibility {unknown}
 n - a potion of might {unknown}
 o - a potion of degeneration {unknown}
Comestibles
 d - 2 bread rations


   Skills:
 + Level 2.7 Fighting
 * Level 3.8 Axes
 - Level 1.7 Throwing
 + Level 3.0 Dodging


You had 2 spell levels left.
You didn't know any spells.

Dungeon Overview and Level Annotations

Branches:
Dungeon (2/15)

Altars:

Annotations:
D:2 Robin, Sigmund


Innate Abilities, Weirdness & Mutations

Your plain brown scales are hard. (AC +5)
You cannot fit into any form of body armour.
You are cold-blooded and may be slowed by cold attacks.


Message History

The hobgoblins go into a battle-frenzy!
You barely miss Robin.
Robin is heavily wounded.
The goblin no longer looks unusually strong.
You barely miss Robin.
Robin is heavily wounded.
You hit the hobgoblin.
You kill the hobgoblin!
Robin hits you but does no damage. The hobgoblin hits you.
You take 1 damage, and have 13/30 hp.
You barely miss Robin. You tail-slap Robin, but do no damage.
Robin is heavily wounded.
You hit the hobgoblin.
You kill the hobgoblin!
Robin barely misses you. The goblin hits you but does no damage.
You barely miss Robin.
Robin is heavily wounded.
You hit the goblin. Robin hits you with a club.
The goblin hits you with a club. Something hits you!
You die...

#..###.## #
#.......# #.
##.####.. #.###
##)## #.#
...######...###.#
##
#.##.....#>....#
.g
#....###...#####
#.###.#### ##.##
#gg@..# #.#
###g### #.# #..
>.# #### ###


You could see Robin, a hobgoblin and 2 goblins.

Vanquished Creatures
  An ooze (D:1)
  A giant cockroach (D:1)
  4 goblins
  8 hobgoblins
  6 kobolds
  A quokka (D:2)
  2 bats (D:1)
  2 frilled lizards (D:1)
  4 rats (D:1)
29 creatures vanquished.

Notes
Turn   | Place    | Note
-------+----------+-------------------------------------------
     0 | D:1      | namelastname112 the Draconian Gladiator began the quest for the Orb.
     0 | D:1      | Reached XP level 1. HP: 17/17 MP: 1/1
   224 | D:1      | Reached XP level 2. HP: 12/25 MP: 2/2
  1093 | D:2      | Reached XP level 3. HP: 30/30 MP: 3/3
  1127 | D:2      | Noticed Robin
  1134 | D:2      | Noticed Sigmund
  1143 | D:2      | Slain by Sigmund

Vault maps used:
D:1:      erik_arrival_blinker_ship, minmay_octomino_e4
D:2:      nicolae_overflow_hidden_temple, ashenzari_altar_1, uniq_robin,
          uniq_terence, uniq_sigmund

Skill      XL: |  1  2 |
---------------+-------+-----
Dodging        | 3 |  3.0
Fighting       | |  2.7
Axes           | |  3.8
Throwing       | |  1.7

Action                   || total
-------------------------++-------
Melee: War axe           ||    74
       Tailslap          ||     9
 Stab: Sleeping          ||     1
Armor: Skin              ||    18
Dodge: Dodged            ||    44

Table legend:
 A = Spawn XP
 B = Non-spawn XP
 C = Spawn XP percentage of total XP
 D = Spawn monster count
 E = Non-spawn monster count
 F = Spawn count percentage of total count
 G = Total turns spent on level
                    A         B        C        D         E        F      G
               +---------+---------+-------+---------+---------+-------+---------
         Total |       9 |      45 |  16.7 |       5 |      24 |  17.2 |  1143
               +---------+---------+-------+---------+---------+-------+---------
           D:1 |       9 |      29 |  23.7 |       5 |      16 |  23.8 |   990
           D:2 |       0 |      16 |   0.0 |       0 |       8 |   0.0 |   153
               +---------+---------+-------+---------+---------+-------+---------
